 Dungeon Crawl Stone Soup version 0.31.0-32-g396128a36d (webtiles) character file.

Game seed: 4841257986721877664

1954201 diecastcamel the Intangible (level 27, 224/224 HPs)
             Began as a Djinni Conjurer on Feb 26, 2024.
             Was the Champion of Makhleb.
             Escaped with the Orb
             ... and 3 runes
             ... and 1 gem on Apr 2, 2024!
             The game lasted 08:52:08 (56041 turns).

diecastcamel the Intangible (Djinni Conjurer)      Turns: 56041, Time: 08:52:08

Health: 224/224    AC: 17    Str:  6    XL:     27
Gold:   6618       EV: 36    Int: 38    God:    Makhleb [******] SH: 17 Dex: 21

rFire   + + .        A - staff of the Shining One's Hope {rN+ Will+ rCorr SInv Necro}
rCold   + + +        B - +4 kite shield {AC+3}
rNeg    + + .        g - +4 skin of Zhor {*Englaciate rC+++ SInv}
rPois   ∞            F - +3 hat of Pondering {ponderous, Will+ MP+10 Int+5}
rElec   +            q - +2 cloak
rCorr   +            e - +1 pair of gloves of Serendipity {rC++ Dex+4 Stlth+}
SInv    +            (boots unavailable)
Will    ++++.        a - amulet of regeneration
Stlth   ++           V - ring of Suof {Wiz Int+2 SInv}
HPRegen 1.37/turn    O - ring "Gipuele" {rElec rN+ EV+5 Dex+2 Stlth+}
MPRegen 0.00/turn

%: wizardry (x1)
@: flying, slow
A: sickness immunity, fire resistance 2, cold vulnerability 1, float, innate
caster, HP casting, extra vitality 1
0: Orb of Zot
}: 3/15 runes: barnacled, slimy, gossamer
a: Renounce Religion, Minor Destruction, Lesser Servant of Makhleb, Major
Destruction, Greater Servant of Makhleb


You escaped.
You worshipped Makhleb.
Makhleb was exalted by your worship.
You visited 12 branches of the dungeon, and saw 53 of its levels.
You visited 2 bazaars.
You also visited: Sewer, Gauntlet and Ice Cave.

You collected 11067 gold pieces.
You spent 4449 gold pieces at shops.

Inventory:

Armour
 d - a +2 robe of resistance
 e - the +1 pair of gloves of Serendipity (worn) {rC++ Dex+4 Stlth+}
   (You acquired it on level 3 of the Dungeon)

   Dex+4:     It affects your dexterity (+4).
   rC++:      It greatly protects you from cold.
   Stlth+:    It makes you more stealthy.
 g - the +4 skin of Zhor (worn) {*Englaciate rC+++ SInv}
   (You found it on level 5 of the Pits of Slime)

   *Englaciate: It radiates cold, occasionally slowing all nearby creatures who
   are not resistant to cold.
   rC+++:     It renders you almost immune to cold.
   SInv:      It lets you see invisible.
 o - the +1 leather armour of Acwa {Regen+ Dex+3}
   (You found it on level 1 of the Elven Halls)

   Dex+3:     It affects your dexterity (+3).
   Regen+:    It increases your rate of health regeneration.
 q - a +2 cloak (worn)
 B - a +4 kite shield of protection (worn)
 C - a +1 buckler of protection
 F - the +3 hat of Pondering (worn) {ponderous, Will+ MP+10 Int+5}
   (You found it on level 3 of the Shoals)

   Int+5:     It affects your intelligence (+5).
   Will+:     It increases your willpower.
   MP+10:     It affects your magic capacity (+10).
 K - the +4 kite shield of Imuexeisch {rN+ Str+2 Int+3}
   (You found it on level 5 of the Realm of Zot)

   Str+2:     It affects your strength (+2).
   Int+3:     It affects your intelligence (+3).
   rN+:       It protects you from negative energy.
Magical Staves
 A - the staff of the Shining One's Hope (weapon) {rN+ Will+ rCorr SInv Necro}
   (You found it on level 4 of the Shoals)

   [staff of death]

   Base accuracy: +5 Base damage: 5 Base attack delay: 1.2 This weapon's minimum
   attack delay (0.6) is reached at skill level 12.
   rN+:       It protects you from negative energy.
   Will+:     It increases your willpower.
   SInv:      It lets you see invisible.
   rCorr:     It protects you from acid and corrosion.
   Necro:     It increases the power of your Necromancy spells.
   It falls into the 'Staves' category.
   It is a one-handed weapon.
Jewellery
 a - an amulet of regeneration (around neck)
 J - the amulet of the Echidna {Faith +Inv Will+ Int+7 Dex-3}
   (You found it on level 3 of the Elven Halls)

   [amulet of faith]

   Faith:     It allows you to gain divine favour quickly.
   Int+7:     It affects your intelligence (+7).
   Dex-3:     It affects your dexterity (-3).
   Will+:     It increases your willpower.
   +Inv:      It lets you turn invisible.
 M - the ring "Fucraah" {^Contam rElec rN+ Will++ rCorr}
   (You took it off an orc knight on level 3 of the Depths)

   [ring of positive energy]

   rElec:     It insulates you from electricity.
   rN+:       It protects you from negative energy.
   Will++:    It greatly increases your willpower.
   ^Contam:   It causes magical contamination when unequipped.
   rCorr:     It protects you from acid and corrosion.
 O - the ring "Gipuele" (right hand) {rElec rN+ EV+5 Dex+2 Stlth+}
   (You took it off a deep elf pyromancer on level 3 of the Elven Halls)

   [ring of evasion]

   EV+5:      It affects your evasion (+5).
   Dex+2:     It affects your dexterity (+2).
   rElec:     It insulates you from electricity.
   rN+:       It protects you from negative energy.
   Stlth+:    It makes you more stealthy.
 V - the ring of Suof (left hand) {Wiz Int+2 SInv}
   (You bought it in a shop on level 3 of the Elven Halls)

   [ring of wizardry]

   Wiz:       It improves your spell success rate.
   Int+2:     It affects your intelligence (+2).
   SInv:      It lets you see invisible.
Wands
 j - a wand of roots (56)
 m - a wand of digging (4)
 y - a wand of charming (55)
 Q - a wand of polymorph (18)
 T - a wand of light (32)
 Y - a wand of mindburst (28)
Scrolls
 b - 5 scrolls of silence
 i - 13 scrolls of vulnerability
 k - 12 scrolls of fear
 n - 13 scrolls of immolation
 u - 7 scrolls of blinking
 w - 17 scrolls of teleportation
 G - a scroll of torment
 H - 10 scrolls of poison
 I - 4 scrolls of enchant weapon
 L - 7 scrolls of fog
 P - 6 scrolls of summoning
 W - a scroll of revelation
Potions
 c - 19 potions of curing
 f - 6 potions of ambrosia
 h - a potion of attraction
 l - 17 potions of heal wounds
 r - 5 potions of haste
 s - 7 potions of resistance
 t - 6 potions of might
 v - 8 potions of brilliance
 z - 13 potions of mutation
 D - 2 potions of invisibility
 E - 2 potions of berserk rage
 R - 4 potions of lignification
Miscellaneous
 p - a condenser vane
 x - a phantom mirror
 S - a box of beasts
 U - a phial of floods
 X - a lightning rod (4/4)


   Skills:
 + Level 26.1 Fighting
 - Level 4.0 Staves
 O Level 27 Dodging
 - Level 1.5 Stealth
 - Level 10.0 Shields
 + Level 22.7 Spellcasting
 + Level 22.7 Conjurations
 + Level 22.7 Hexes
 + Level 22.7 Summonings
 + Level 22.7 Necromancy
 + Level 22.7 Translocations
 + Level 22.7 Fire Magic
 + Level 22.7 Ice Magic
 + Level 22.7 Air Magic
 + Level 22.7 Earth Magic
 + Level 22.7 Alchemy
 - Level 9.0 Invocations


You knew the following spells:

 Your Spells              Type           Power      Damage    Failure   Level
a - Magic Dart            Conj           100%       1d8       0%          1
b - Searing Ray           Conj           100%       2d8       0%          2
c - Fulminant Prism       Conj/Alch      60%        3d26      0%          4
d - Iskenderun's Mystic   Conj/Tloc      100%       2d19      0%          4
e - Sting                 Conj/Alch      100%       1d9       0%          1
f - Jinxbite              Hex            100%       N/A       0%          2
g - Mephitic Cloud        Conj/Alch/Air  100%       N/A       0%          3
h - Frozen Ramparts       Ice            100%       1d16      0%          3
i - Manifold Assault      Tloc           100%       N/A       0%          4
j - Borgnjor's Vile Clut  Necr/Erth      72%        N/A       0%          5
k - Plasma Beam           Fire/Air       60%        2x1d76    1%          6
l - Orb of Destruction    Conj           60%        9d15      1%          7
m - Ozocubu's Refrigerat  Ice            60%        4d20      1%          7
n - Discord               Hex            60%        N/A       1%          8
o - Summon Horrible Thin  Summ           60%        N/A       1%          8
p - Lehudib's Crystal Sp  Conj/Erth      60%        10d14     1%          8
q - Fire Storm            Conj/Fire      60%        8d15      9%          9
Your spell library was empty.

Dungeon Overview and Level Annotations

Branches:
Dungeon (15/15)            Temple (1/1) D:7            Lair (5/5) D:11
 Shoals (4/4) Lair:2       Spider (4/4) Lair:2        Slime (5/5) Lair:5
    Orc (2/2) D:11            Elf (3/3) Orc:2        Vaults (4/5) D:13
  Crypt (1/3) Vaults:3     Depths (4/4) D:15            Zot (5/5) Depths:4
  Sewer (visited)           IceCv (visited)         Gauntlet (visited)

Altars:
Ashenzari
Cheibriados
Dithmenos
Elyvilon
Fedhas
Gozag
Hepliaklqana
Makhleb
Nemelex Xobeh
Okawaru
Qazlal
Ru
Trog
Uskayaw
Wu Jian
Xom
Yredelemnul
Zin
The Shining One
Jiyva

Shops:
D:2 [   D:5 *   D:7 =[   D:12 *   Orc:1 *   Orc:2 [(?=   Elf:3 !*   Shoals:1 :
Shoals:2 ?   Shoals:3 *   Vaults:2 (

Portals:
Hell: Depths:1 Depths:2 Depths:3 Depths:4
Abyss: Depths:2 Depths:3
Pandemonium: Depths:2 Depths:4
Ziggurat: Depths:2

Annotations:
D:10 5 runed translucent doors
Shoals:1 exclusions: 2 krakens and 1 more exclusion
Shoals:2 1 runed translucent door, jimmypageman's ghost, adept MiFi
Spider:2 1 runed translucent door, Seatz's ghost, journeyman MiBe
Elf:2 3 runed translucent doors
Vaults:1 1 runed translucent door
Zot:2 3 runed translucent doors, Hnaef's ghost, veteran FeAE


Innate Abilities, Weirdness & Mutations

You are immune to sickness and miasma.
You are immune to poison.
Your flesh is very heat resistant. (rF++)
You are vulnerable to cold. (rC-)
You float through the air rather than walking.
You learn spells naturally, not from books.
Your magical power is your life essence.
You have superior vitality. (+4 MHP)


Message History

Casting: Plasma Beam (safe; 1% risk of failure)
Press: ? - help, Q - select action, (/) - cycle Dir - look around, f - activate The bolt of lightning misses the hellephant.
The fiery plasma hits the hellephant!!
The hellephant is lightly wounded.
You radiate an aura of cold.
The hellephant resists.
Aiming: Lehudib's Crystal Spear (mildly dangerous; 1% risk of failure)
Press: ? - help, Q - select action, (/) - cycle Shift-Dir - straight line, f - hellephant
Aim: a hellephant (lightly wounded, 84% to hit)
The crystal spear hits the hellephant!!!
The hellephant is heavily wounded.
You radiate an aura of cold.
The hellephant resists.
Aiming: Lehudib's Crystal Spear (mildly dangerous; 1% risk of failure)
Press: ? - help, Q - select action, (/) - cycle Shift-Dir - straight line, f/p - hellephant
Aim: a hellephant (heavily wounded, 84% to hit)
The crystal spear hits the hellephant!!!
The hellephant is almost dead.
Unknown command.
Aiming: Lehudib's Crystal Spear (mildly dangerous; 1% risk of failure)
Press: ? - help, Q - select action, (/) - cycle Shift-Dir - straight line, f/p - hellephant
Aim: a hellephant (almost dead, 84% to hit)
The crystal spear hits the hellephant!!!
You kill the hellephant!
Makhleb accepts your kill.
You feel better.
What level of the Dungeon? (default 1, ? - help) HP restored.
A shadow demon comes into view.
The shadow demon gives a loud, deep croak!
Aiming: Lehudib's Crystal Spear (mildly dangerous; 1% risk of failure)
Press: ? - help, Q - select action, (/) - cycle Shift-Dir - straight line, f - shadow demon
Aim: a shadow demon (80% to hit)
The crystal spear hits the shadow demon!!!!
You kill the shadow demon!
Makhleb accepts your kill.
You feel better.
There is a dry fountain here.
There is a staircase leading out of the dungeon here.
You can't go down here!
You have escaped!

#.#..#......⌠...(...⌠......#.....
#.#..##...................##.####
#.#...##..⌠...⌠..(⌠...⌠..###.#
.......##...............## #.#
#.##....##.⌠....⌠....⌠.## #.####
#........##...........## #.#...
####..#.####..⌠...⌠..## #.##.#
#..........##.......## #.##.#
...#######.###..@..## #.##..
.............##.>.## #.####
.#.#.#####.#.###############.#...
#.#.## ###.#...............#.##.#
.###.# #.......#.#########.#.#...
#.#.## ###.............# #.#.#...
.#.#.# #.........#####.# #.#.#...
#.#.## #.##..........#.# #.#.####
.###.# #.##.####.....#.# #.#.....


There were no monsters in sight!

Vanquished Creatures
  the Royal Jelly (Slime:5)
  3 ancient liches (Zot:5)
  2 dread liches (Zot:5)
  3 orbs of fire (Zot:5)
  2 juggernauts
  Bai Suzhen (Depths:1)
  Vv (Zot:2)
  3 Killer Klowns (Zot:5)
  A caustic shrike (Depths:2)
  A shard shrike (IceCv)
  A curse toe (Zot:3)
  10 golden dragons
  Norris (Depths:2)
  3 electric golems
  A hellephant (D:1)
  11 tentacled monstrosities
  Zenata (Vaults:3)
  2 titans
  4 deep elf blademasters
  25 Orb Guardians
  Asterion (Spider:4)
  4 liches
  14 acid blobs
  2 krakens
  8 quicksilver dragons
  2 deep elf master archers (Elf:3)
  6 death cobs
  5 sphinxes
  Kirke (D:12)
  4 tengu reavers
  7 shadow dragons
  10 azure jellies
  9 storm dragons
  5 draconian knights
  7 rockslimes
  7 protean progenitors
  A revenant (Crypt:1)
  A demonspawn warmonger (D:9)
  2 draconian monks
  3 emperor scorpions
  6 fire giants
  4 spectral caustic shrikes (Depths:4)
  11 deep elf sorcerers (Elf:3)
  12 vault wardens
  5 frost giants
  7 draconian scorchers
  7 deep elf elementalists
  A balrug (Zot:3)
  3 draconian shifters
  10 ghost moths
  A reaper (D:9)
  10 ironbound preservers
  3 orc warlords
  3 draconian stormcallers
  2 cacodemons
  10 ironbound thunderhulks
  12 stone giants
  9 quicksilver oozes (Slime:5)
  7 draconian annihilators
  13 very ugly things
  9 green draconians
  3 broodmothers (Spider:4)
  A formless jellyfish (Vaults:1)
  2 vampire knights (Depths:2)
  18 white draconians
  3 deep elf death magi
  5 deep elf demonologists
  An elemental wellspring (Shoals:3)
  6 deep elf annihilators (Elf:3)
  9 red draconians
  8 purple draconians
  A dire elephant (Vaults:1)
  A war gargoyle (Vaults:2)
  11 yellow draconians
  4 spark wasps
  8 black draconians
  A minotaur (Gauntlet)
  6 ettins
  7 merfolk impalers
  A crystal guardian (Vaults:3)
  8 merfolk javelineers
  A green death (Depths:2)
  11 vault guards
  12 entropy weavers
  6 deep elf high priests
  13 great orbs of eyes
  A jiangshi (Crypt:1)
  10 yaktaur captains
  12 fire dragons
  Erolcha (D:11)
  9 hydras
  Harold (D:10)
  2 spriggan air magi
  6 ice dragons
  5 rakshasas
  8 ogre magi
  A catoblepas (Lair:4)
  15 centaur warriors
  3 peacekeepers
  3 alligator snapping turtles
  A ghost crab (Spider:1)
  11 ironbound frosthearts
  A jorogumo (Spider:1)
  3 death knights
  23 two-headed ogres
  6 merfolk aquamancers
  5 tengu warriors
  6 radroaches
  A merfolk avatar (Shoals:2)
  9 boulder beetles
  5 satyrs
  2 hell hogs (Lair:5)
  6 death yaks
  6 deep troll shamans
  8 demonic crawlers
  3 vampire magi (Crypt:1)
  7 deep troll earth magi
  Urug (Lair:5)
  9 spriggan berserkers
  18 dancing weapons
  A thrashing horror (Gauntlet)
  An orc high priest (Orc:1)
  A spriggan (Depths:4)
  13 hell knights
  3 soul eaters
  2 occultists
  3 sun demons
  15 deep elf knights
  A fire crab (Lair:5)
  A skeletal warrior (D:14)
  14 sea snakes
  6 pharaoh ants
  11 skysharks
  A sixfirhy (Depths:2)
  An orange crystal statue (IceCv)
  Amaemon (D:11)
  A spriggan rider (Depths:1)
  A shadow demon (D:1)
  7 iron trolls
  5 glowing orange brains
  A sun moth (Spider:4)
  4 orb spiders
  9 steelbarb worms
  A glowing orange brain (shapeshifter) (Depths:3)
  A spriggan simulacrum (Crypt:1)
  2 flayed ghosts
  23 deep elf archers
  5 lindwurms
  18 ironbound convokers
  4 arcanists
  13 orc knights
  30 deep trolls
  Pikel (D:8)
  20 harpies
  3 phantasmal warriors
  27 deep elf zephyrmancers
  8 necromancers
  9 wolf spiders
  A stone giant zombie (Vaults:4)
  51 ugly things
  An eleionoma zombie (Crypt:1)
  2 orc sorcerers (Orc:1)
  20 manticores
  30 deep elf pyromancers
  2 human zombies
  18 fauns
  A salamander (Depths:3)
  10 cyclopes
  34 moths of wrath
  7 merfolk sirens
  11 meliai
  6 elephants (Lair:4)
  A fire giant skeleton (Vaults:2)
  14 black mambas
  9 vault sentinels
  11 water nymphs
  Joseph (D:10)
  3 molten gargoyles (Lair:5)
  5 eyes of devastation
  2 orange demons
  10 cane toads
  2 gargoyles
  5 torpor snails
  Jeremiah (D:8)
  A hellion (D:9)
  An unseen horror (D:12)
  A yaktaur zombie (Vaults:1)
  2 kobold demonologists (D:9)
  A tormentor (Depths:4)
  An anaconda simulacrum (Crypt:1)
  28 rime drakes
  2 freezing wraiths
  17 komodo dragons
  19 yaktaurs
  Psyche (D:8)
  3 tengu conjurers
  16 merfolk
  15 polar bears
  A queen bee (Lair:4)
  9 trolls
  Prince Ribbit (Lair:3)
  6 tyrant leeches (Spider:1)
  10 blink frogs
  15 tarantellas
  Grinder (D:6)
  A troll (shapeshifter) (D:15)
  17 wind drakes
  4 hornets
  5 glass eyes
  6 dream sheep
  17 culicivoras
  23 jumping spiders
  86 slime creatures
  10 snapping turtles
  13 air elementals
  28 water elementals
  11 basilisks
  A shadow (D:10)
  8 wraiths
  3 small abominations (Gauntlet)
  8 wyverns
  A ynoxinul (Depths:2)
  2 vampires
  37 yaks
  39 redbacks
  4 fire elementals
  3 hogs (D:12)
  Grum (D:10)
  6 steam dragons
  5 wargs
  14 vampire mosquitoes
  Menkaure (D:7)
  A harpy simulacrum (Crypt:1)
  4 acid dragons
  A glowing shapeshifter skeleton (Vaults:2)
  2 glowing shapeshifter zombies
  17 water moccasins
  A water moccasin (shapeshifter) (D:14)
  4 hell hounds (Lair:5)
  10 orc warriors
  A sky beast (D:6)
  6 ice beasts
  4 boggarts
  33 ogres
  An ettin simulacrum (Vaults:1)
  29 laughing skulls
  27 wolves
  15 centaurs
  A lemure (D:8)
  2 human skeletons
  4 phantoms
  11 bullfrogs
  3 kobold brigands
  A scorpion (D:5)
  2 brain worms (Sewer)
  3 earth elementals (Elf:1)
  A human simulacrum (Vaults:2)
  35 killer bees (Lair:4)
  6 howler monkeys
  6 electric eels
  5 lava snakes (Lair:5)
  A centaur skeleton (Crypt:1)
  6 hounds
  3 bombardier beetles
  2 jellies (Lair:5)
  2 gnoll boudas
  11 orc priests
  Natasha (thrice) (D:2)
  3 iguanas
  23 orc wizards
  6 ogre zombies (D:11)
  6 adders
  An adder (shapeshifter) (D:13)
  9 gnolls
  5 river rats (Sewer)
  A steam dragon skeleton (Crypt:1)
  A shadow imp (D:7)
  2 ufetubi (D:7)
  A ribbon worm (D:2)
  3 dart slugs
  55 orcs
  12 ball pythons
  5 endoplasms
  8 giant cockroaches
  2 gnoll zombies (D:11)
  3 goblins
  5 hobgoblins
  18 jackals
  3 quokkas
  9 bats
  5 frilled lizards
  19 kobolds
  2 orc skeletons (D:11)
  15 orc zombies (D:11)
  13 rats
  6 aspiring fleshes
  A tentacle (Shoals:3)
2213 creatures vanquished.

Vanquished Creatures (collateral kills)
  Josephina (Crypt:1)
  A shadow dragon (Depths:3)
  A vault warden (Vaults:3)
  2 spriggan defenders (Depths:3)
  A very ugly thing (Depths:3)
  A vampire knight (Depths:1)
  A war gargoyle (Vaults:3)
  A white draconian (Zot:2)
  2 dire elephants (Vaults:1)
  2 spark wasps (Depths:3)
  A crystal guardian (Vaults:2)
  3 fire dragons (Depths:3)
  2 vault guards (Vaults:3)
  A hell knight (Depths:3)
  An ironbound convoker (Vaults:3)
  An arcanist (Vaults:3)
  5 ugly things
  A slime creature (Vaults:1)
  A spriggan (Depths:3)
  A water elemental (Depths:3)
  An alligator snapping turtle simulacrum (Crypt:1)
  2 laughing skulls (Crypt:1)
33 creatures vanquished.

Vanquished Creatures (others)
  A jiangshi (Crypt:1)
  A sea snake (Shoals:1)
  A tengu conjurer (Depths:1)
  A hornet (Depths:3)
  A naga simulacrum (Crypt:1)
  A killer bee (Lair:4)
  25 fire vortices
  268 fulminant prisms
  6 tentacles (Shoals:3)
305 creatures vanquished.

Grand Total: 2551 creatures vanquished

Notes
Turn   | Place    | Note
-------+----------+-------------------------------------------
     0 | D:1      | diecastcamel the Djinni Conjurer began the quest for the
                  | Orb.
     0 | D:1      | diecastcamel set off with the following spells memorised:
                  | Magic Dart, Searing Ray, Fulminant Prism, Iskenderun's
                  | Mystic Blast.
     0 | D:1      | Reached XP level 1. HP: 15/15 MP: 0/0
   280 | D:1      | Reached XP level 2. HP: 20/22 MP: 0/0
   308 | D:1      | Reached skill level 1 in Fighting
   489 | D:1      | Reached XP level 3. HP: 24/27 MP: 0/0
   489 | D:1      | Learned a level 1 spell: Sting
  1138 | D:2      | Noticed a golden eye
  1139 | D:2      | Found a faded altar of an unknown god.
  1143 | D:2      | Noticed a shining eye
  1143 | D:2      | Noticed an eye of devastation
  1143 | D:2      | Noticed a glass eye
  1163 | D:2      | Reached XP level 4. HP: 16/33 MP: 0/0
  1284 | D:2      | Found Uqufe's Antique Armour Shoppe.
  1485 | D:2      | Noticed Natasha
  1492 | D:2      | Killed Natasha
  1496 | D:2      | Noticed Natasha
  1500 | D:2      | Killed Natasha
  1501 | D:2      | Reached XP level 5. HP: 27/40 MP: 0/0
  1501 | D:2      | Learned a level 2 spell: Jinxbite
  1672 | D:2      | Noticed Natasha
  1677 | D:2      | Killed Natasha
  1783 | D:2      | Bought a cloak for 112 gold pieces
  1834 | D:3      | Identified a scroll of acquirement
  1835 | D:3      | Acquired the +1 pair of gloves of Serendipity {rC++ Dex+4
                  | Stlth+}
  1993 | D:3      | Found a glowing drain.
  2035 | Sewer    | Entered a sewer
  2074 | Sewer    | Reached XP level 6. HP: 29/46 MP: 0/0
  2298 | Sewer    | Reached skill level 5 in Spellcasting
  2298 | Sewer    | Reached skill level 5 in Conjurations
  2298 | Sewer    | Reached skill level 5 in Hexes
  2298 | Sewer    | Reached skill level 5 in Summonings
  2298 | Sewer    | Reached skill level 5 in Necromancy
  2298 | Sewer    | Reached skill level 5 in Translocations
  2298 | Sewer    | Reached skill level 5 in Fire Magic
  2298 | Sewer    | Reached skill level 5 in Ice Magic
  2298 | Sewer    | Reached skill level 5 in Air Magic
  2298 | Sewer    | Reached skill level 5 in Earth Magic
  2298 | Sewer    | Reached skill level 5 in Alchemy
  2632 | D:3      | Reached XP level 7. HP: 49/52 MP: 0/0
  2632 | D:3      | Learned a level 3 spell: Mephitic Cloud
  2864 | D:3      | Found a white marble altar of Elyvilon.
  4060 | D:5      | Entered Level 5 of the Dungeon
  4060 | D:5      | Found a shimmering altar of Xom.
  4210 | D:5      | Reached skill level 5 in Fighting
  4250 | D:5      | Reached XP level 8. HP: 49/60 MP: 0/0
  4380 | D:5      | Found Xuimneli's Assorted Antiques.
  4389 | D:5      | Bought a coiled silver ring for 140 gold pieces
  4389 | D:5      | Identified the ring "Buvov" {Fly Dex+3} (You bought it in a
                  | shop on level 5 of the Dungeon)
  4813 | D:6      | Reached skill level 3 in Dodging
  5055 | D:6      | Noticed Grinder
  5101 | D:6      | Killed Grinder
  5102 | D:6      | Reached skill level 4 in Dodging
  5102 | D:6      | Reached XP level 9. HP: 46/67 MP: 0/0
  5102 | D:6      | Learned a level 3 spell: Frozen Ramparts
  5331 | D:6      | Reached skill level 5 in Dodging
  5553 | D:6      | Found a sacrificial altar of Ru.
  5970 | D:7      | Found Nej Osergh's Jewellery Shop.
  6008 | D:7      | Noticed a hornet
  6097 | D:7      | Noticed Menkaure
  6108 | D:7      | Killed Menkaure
  6324 | D:7      | Found a staircase to the Ecumenical Temple.
  6333 | Temple   | Entered the Ecumenical Temple
  6341 | D:7      | Reached skill level 6 in Dodging
  6641 | D:7      | Killed a hornet
  6656 | D:7      | Found a bloodstained altar of Trog.
  6718 | D:7      | Reached XP level 10. HP: 64/76 MP: 0/0
  6757 | D:7      | Found Caonky's Armour Emporium.
  7194 | D:7      | Found a burning altar of Makhleb.
  7210 | D:7      | Became a worshipper of Makhleb the Destroyer
  7370 | D:8      | Noticed Pikel
  7405 | D:8      | Killed Pikel
  7406 | D:8      | Reached skill level 7 in Dodging
  7647 | D:8      | Noticed Psyche
  7674 | D:8      | Killed Psyche
  7974 | D:8      | Reached * piety under Makhleb
  8049 | D:8      | Identified the +9 falchion of Ignis, Growing {protect,
                  | rElec Str+5 Dex+3}
  8089 | D:8      | Found a shadowy altar of Dithmenos.
  8091 | D:8      | Noticed Jeremiah
  8107 | D:8      | Killed Jeremiah
  8151 | D:8      | Reached skill level 8 in Dodging
  9190 | D:9      | Noticed a kobold demonologist
  9580 | D:9      | Found a hide-covered altar of Uskayaw.
  9639 | D:9      | Reached XP level 11. HP: 79/84 MP: 0/0
  9639 | D:9      | Learned a level 4 spell: Manifold Assault
  9911 | D:9      | Reached skill level 9 in Dodging
 10107 | D:9      | Reached skill level 10 in Fighting
 10414 | D:9      | Found a glowing golden altar of the Shining One.
 10440 | D:10     | Entered Level 10 of the Dungeon
 10449 | D:10     | Found a runed translucent door.
 10452 | D:10     | Found a runed translucent gate.
 10480 | D:10     | Found a runed translucent gate.
 10480 | D:10     | Found a runed translucent gate.
 10481 | D:10     | Noticed a wolf spider
 10481 | D:10     | Noticed a wolf spider
 10488 | D:10     | Found an ornate altar of the Wu Jian Council.
 10499 | D:10     | Noticed Grum
 10503 | D:10     | Killed Grum
 10564 | D:10     | Found a runed translucent door.
 10649 | D:10     | Found the +9 staff of Olgreb {rPois∞}
 10983 | D:10     | Noticed a two-headed ogre
 11021 | D:10     | Killed a two-headed ogre
 11154 | D:10     | Reached skill level 10 in Dodging
 11157 | D:10     | Reached ** piety under Makhleb
 11359 | D:10     | Noticed a two-headed ogre
 11371 | D:10     | Killed a two-headed ogre
 11399 | D:10     | Noticed Joseph
 11431 | D:10     | Killed Joseph
 11434 | D:10     | Reached XP level 12. HP: 44/94 MP: 0/0
 11864 | D:10     | Noticed Harold
 11873 | D:10     | Killed Harold
 12203 | D:11     | Found a staircase to the Lair.
 12305 | D:11     | Noticed Erolcha
 12470 | D:11     | Reached *** piety under Makhleb
 12475 | D:11     | Killed Erolcha
 12476 | D:11     | Reached skill level 11 in Dodging
 12534 | D:11     | Noticed Amaemon
 12731 | Lair:1   | Entered Level 1 of the Lair of Beasts
 12740 | Lair:1   | Reached skill level 10 in Spellcasting
 12740 | Lair:1   | Reached skill level 10 in Conjurations
 12740 | Lair:1   | Reached skill level 10 in Hexes
 12740 | Lair:1   | Reached skill level 10 in Summonings
 12740 | Lair:1   | Reached skill level 10 in Necromancy
 12740 | Lair:1   | Reached skill level 10 in Translocations
 12740 | Lair:1   | Reached skill level 10 in Fire Magic
 12740 | Lair:1   | Reached skill level 10 in Ice Magic
 12740 | Lair:1   | Reached skill level 10 in Air Magic
 12740 | Lair:1   | Reached skill level 10 in Earth Magic
 12740 | Lair:1   | Reached skill level 10 in Alchemy
 12824 | Lair:1   | Identified the +0 scale mail "Ykkocw" {Str+3 Slay-5}
 13087 | Lair:1   | Reached skill level 1 in Shields
 13499 | Lair:2   | Found a staircase to the Shoals.
 13642 | Lair:2   | Found a hole to the Spider Nest.
 13934 | Lair:2   | Reached XP level 13. HP: 101/101 MP: 0/0
 13934 | Lair:2   | Learned a level 5 spell: Borgnjor's Vile Clutch
 14599 | Lair:3   | Reached **** piety under Makhleb
 14704 | Lair:3   | Reached skill level 12 in Dodging
 14714 | Lair:3   | Noticed Prince Ribbit
 14719 | Lair:3   | Killed Prince Ribbit
 14902 | Lair:3   | You are sucked into a shaft and drop 2 floors!
 14902 | Lair:5   | Entered Level 5 of the Lair of Beasts
 14902 | Lair:5   | Noticed Urug
 14902 | Lair:5   | Noticed a four-headed hydra
 14912 | Lair:5   | Killed a four-headed hydra
 14921 | Lair:5   | Killed Urug
 14998 | Lair:4   | Noticed a catoblepas
 15738 | Lair:4   | Reached ***** piety under Makhleb
 15739 | Lair:4   | Reached XP level 14. HP: 111/111 MP: 0/0
 15831 | Lair:4   | Reached skill level 13 in Dodging
 16230 | Lair:4   | Identified the +0 scale mail of Wonder {Str+4}
 17550 | Lair:5   | Reached skill level 14 in Dodging
 18076 | Lair:5   | Reached XP level 15. HP: 118/118 MP: 0/0
 18076 | Lair:5   | Learned a level 6 spell: Plasma Beam
 18112 | Lair:5   | Found a viscous altar of Jiyva.
 18119 | Lair:5   | Found a staircase to the Slime Pits.
 18266 | Lair:5   | Found a large runed translucent door.
 18267 | Lair:5   | Found a large runed translucent door.
 18532 | Lair:5   | Reached ****** piety under Makhleb
 18597 | Lair:5   | Reached skill level 15 in Fighting
 19046 | D:11     | Upgraded the game from 0.31.0-12-g77e489cdc1 to
                  | 0.31.0-32-g396128a36d
 19216 | D:11     | Found a staircase to the Orcish Mines.
 19286 | D:11     | Killed Amaemon
 19552 | Orc:1    | Entered Level 1 of the Orcish Mines
 19553 | Orc:1    | You are sucked into a shaft and drop 1 floor!
 19553 | Orc:2    | Entered Level 2 of the Orcish Mines
 19553 | Orc:2    | Found Magyt's Antique Weapon Boutique.
 19553 | Orc:2    | Found Allodgh's Jewellery Emporium.
 19553 | Orc:2    | Found Meicrobb's Armour Shoppe.
 19553 | Orc:2    | Found Poblenou's Magic Scroll Boutique.
 19564 | Orc:2    | Reached skill level 15 in Dodging
 19630 | Orc:2    | Bought a scroll of identify for 30 gold pieces
 19630 | Orc:2    | Bought a scroll of identify for 30 gold pieces
 19630 | Orc:2    | Bought a scroll of identify for 30 gold pieces
 19739 | Orc:1    | Paralysed by an orc sorcerer for 2 turns
 20284 | Orc:1    | Found Leffun's General Store.
 20349 | Orc:2    | Found a staircase to the Elven Halls.
 20575 | Orc:2    | Identified the +2 giant club of the Lost Beds {elec,
                  | ^Contam rF++ rN+++ Str-5}
 20876 | Orc:2    | Bought a scroll of blinking for 112 gold pieces
 20876 | Orc:2    | Bought a scroll of fear for 60 gold pieces
 20876 | Orc:2    | Bought a scroll of teleportation for 45 gold pieces
 20876 | Orc:2    | Bought a scroll of summoning for 142 gold pieces
 20946 | D:12     | Reached XP level 16. HP: 128/128 MP: 0/0
 20947 | D:12     | Noticed Kirke
 20951 | D:12     | Killed Kirke
 21503 | D:12     | Found Biolell's Assorted Antiques.
 21509 | D:12     | Bought a steel ring for 160 gold pieces
 21509 | D:12     | Bought a scroll of revelation for 240 gold pieces
 21712 | D:13     | Found a gate leading to a gauntlet.
 21723 | Gauntlet | Entered a Gauntlet
 21723 | Gauntlet | Found a transporter.
 21734 | Gauntlet | Found a transporter.
 21751 | Gauntlet | Found a transporter.
 21755 | Gauntlet | Found a transporter.
 21776 | Gauntlet | Found a transporter.
 21789 | Gauntlet | Found a transporter.
 21791 | Gauntlet | Found a runed translucent door.
 21803 | Gauntlet | Found a transporter.
 21833 | Gauntlet | Found a transporter.
 21833 | Gauntlet | Found a transporter.
 21840 | Gauntlet | Found a transporter.
 21871 | Gauntlet | Found a transporter.
 21871 | Gauntlet | Found a transporter.
 21872 | Gauntlet | Found a runed translucent door.
 21987 | Gauntlet | Identified the +8 scale mail of the Shouting Gods {Int+2}
 22198 | D:13     | Identified the +3 mace of Prudence {spect, Dex+4}
 22224 | D:13     | Found a gate to the Vaults.
 22357 | D:13     | Reached skill level 16 in Dodging
 23185 | Spider:1 | Entered Level 1 of the Spider Nest
 24755 | Spider:2 | Reached XP level 17. HP: 135/135 MP: 0/0
 24755 | Spider:2 | Learned a level 7 spell: Orb of Destruction
 25103 | Spider:2 | Found a runed translucent door.
 25104 | Spider:2 | Noticed Seatz's ghost (journeyman MiBe)
 25495 | Spider:2 | Got the Papyrus of Transposed Graupel
 25607 | Spider:3 | Reached skill level 17 in Dodging
 25608 | Spider:3 | Reached skill level 15 in Spellcasting
 25608 | Spider:3 | Reached skill level 15 in Conjurations
 25608 | Spider:3 | Reached skill level 15 in Hexes
 25608 | Spider:3 | Reached skill level 15 in Summonings
 25608 | Spider:3 | Reached skill level 15 in Necromancy
 25608 | Spider:3 | Reached skill level 15 in Translocations
 25608 | Spider:3 | Reached skill level 15 in Fire Magic
 25608 | Spider:3 | Reached skill level 15 in Ice Magic
 25608 | Spider:3 | Reached skill level 15 in Air Magic
 25608 | Spider:3 | Reached skill level 15 in Earth Magic
 25608 | Spider:3 | Reached skill level 15 in Alchemy
 26317 | Shoals:1 | Entered Level 1 of the Shoals
 26640 | Shoals:1 | Found Qero's Book Shoppe.
 26798 | Shoals:1 | Noticed a kraken
 27235 | Shoals:2 | Found Uniheid's Magic Scroll Boutique.
 27235 | Shoals:2 | Found a runed translucent door.
 27248 | Shoals:2 | Bought a scroll of blinking for 90 gold pieces
 27248 | Shoals:2 | Bought a scroll of identify for 24 gold pieces
 27248 | Shoals:2 | Bought a scroll of teleportation for 36 gold pieces
 27248 | Shoals:2 | Bought a scroll of teleportation for 36 gold pieces
 27256 | Shoals:2 | Found a shimmering altar of Xom.
 27257 | Shoals:2 | Noticed jimmypageman's ghost (adept MiFi)
 27798 | Shoals:2 | Reached XP level 18. HP: 132/143 MP: 0/0
 28353 | Shoals:3 | Found a glacial archway.
 28363 | IceCv    | Entered an ice cave
 28540 | IceCv    | Reached skill level 18 in Dodging
 28828 | IceCv    | Noticed a shard shrike
 28836 | IceCv    | Killed a shard shrike
 28969 | IceCv    | Reached XP level 19. HP: 150/150 MP: 0/0
 28969 | IceCv    | Learned a level 7 spell: Ozocubu's Refrigeration
 29309 | Shoals:3 | Found Lopn's General Store.
 29638 | Shoals:3 | Identified the +3 war axe of Unbearable Integrity {elec,
                  | rN+++ Str-4 Int-3 Dex+3}
 30068 | Shoals:3 | Found the +3 hat of Pondering {ponderous, Will+ MP+10
                  | Int+5}
 30104 | Shoals:3 | Acquired 859 gold pieces
 30649 | D:14     | Reached skill level 1 in Invocations
 30976 | D:14     | Reached XP level 20. HP: 158/158 MP: 0/0
 31318 | D:15     | Entered Level 15 of the Dungeon
 31485 | D:15     | Reached skill level 19 in Dodging
 31792 | D:15     | Found a staircase to the Depths.
 31978 | D:15     | Identified the +5 plate armour of Jigsaw {+Blink rC+}
 32882 | Shoals:4 | Entered Level 4 of the Shoals
 32995 | Shoals:4 | Identified the amulet of Okawaru's Envy {Acrobat Will+
                  | Str-4 Dex+6 Stlth-}
 33199 | Shoals:4 | Reached skill level 5 in Invocations
 33359 | Shoals:4 | Found a blossoming altar of Fedhas.
 33528 | Shoals:4 | Got a barnacled rune of Zot
 33785 | Shoals:4 | Identified the staff of the Shining One's Hope {rN+ Will+
                  | rCorr SInv Necro}
 34193 | D:7      | Bought the +1 buckler "Baotiddu" {rElec} for 258 gold
                  | pieces
 34477 | Spider:4 | Entered Level 4 of the Spider Nest
 34511 | Spider:4 | Reached XP level 21. HP: 166/166 MP: 0/0
 34511 | Spider:4 | Learned a level 8 spell: Discord
 34530 | Spider:4 | Noticed Asterion
 34532 | Spider:4 | Killed Asterion
 34554 | Spider:4 | Reached skill level 20 in Dodging
 34762 | Spider:4 | Got a gossamer rune of Zot
 34793 | Spider:4 | Identified the +0 pair of gloves of an ossuary {rElec rPois
                  | Dex-5 Stlth+}
 35543 | Elf:1    | Entered Level 1 of the Elven Halls
 35581 | Elf:1    | Reached skill level 1 in Staves
 35980 | Elf:1    | Identified the +1 leather armour of Acwa {Regen+ Dex+3}
 36959 | Elf:2    | Reached XP level 22. HP: 162/175 MP: 0/0
 37033 | Elf:2    | Paralysed by an air elemental for 1 turns
 37156 | Elf:2    | Found a runed translucent gate.
 37156 | Elf:2    | Found a runed translucent gate.
 37156 | Elf:2    | Found a runed translucent gate.
 37728 | Elf:3    | Entered Level 3 of the Elven Halls
 37798 | Elf:3    | Reached skill level 5 in Shields
 38063 | Elf:3    | Found Uwasiore's Assorted Antiques.
 38063 | Elf:3    | Found Nuvip's Distillery.
 38078 | Elf:3    | Bought a transparent steel ring for 165 gold pieces
 38078 | Elf:3    | Identified the ring of Suof {Wiz Int+2 SInv} (You bought it
                  | in a shop on level 3 of the Elven Halls)
 38114 | Elf:3    | Paralysed by an air elemental for 1 turns
 38127 | Elf:3    | Identified the ring "Gipuele" {rElec rN+ EV+5 Dex+2 Stlth+}
 38140 | Elf:3    | Reached skill level 21 in Dodging
 38350 | Elf:3    | Identified the amulet "Tontaibb" {RegenMP ^Drain Int+4}
 38358 | Elf:3    | Identified the +6 leather armour of Painelebb {Str+7}
 38405 | Elf:3    | Found the +5 Lochaber axe {reach-cleave, Poleaxe ^Drain}
 38408 | Elf:3    | Found the +15 Maxwell's patent armour {-Cast -Tele rElec
                  | Will+ rCorr}
 38415 | Elf:3    | Identified the +2 ring mail of Nyecikk {+Inv Will+ Dex+3}
 38422 | Elf:3    | Identified the +5 plate armour of Caukhlokh {rPois rF+ rC-
                  | Int+2}
 38436 | Elf:3    | Identified the +8 orcbow of Fyner {heavy, *Corrode rElec
                  | Str+4 Int+3}
 38438 | Elf:3    | Identified the amulet of the Echidna {Faith +Inv Will+
                  | Int+7 Dex-3}
 38455 | Elf:3    | Identified the +5 great mace of Crystal {venom, rPois rC+
                  | Str-5 Dex+3}
 38844 | Elf:3    | Bought a scroll of acquirement for 1716 gold pieces
 38848 | Elf:3    | Acquired 902 gold pieces
 39051 | Vaults:1 | Entered Level 1 of the Vaults
 39383 | Vaults:1 | Reached XP level 23. HP: 151/182 MP: 0/0
 39383 | Vaults:1 | Learned a level 8 spell: Summon Horrible Things
 39725 | Vaults:1 | Found a runed translucent door.
 39916 | Vaults:1 | Identified the +0 scale mail "Soiplu" {^Drain rC+ rCorr
                  | SInv}
 40158 | Vaults:1 | Identified the amulet of Zyduudysu {Faith *Corrode Dex+8}
 40769 | Vaults:2 | Found Onwady's Weapon Boutique.
 41214 | Vaults:2 | Acquired 1073 gold pieces
 41411 | Vaults:3 | Reached skill level 22 in Dodging
 41689 | Vaults:3 | Noticed Zenata
 41695 | Vaults:3 | Killed Zenata
 41875 | Vaults:3 | Found a staircase to the Crypt.
 41994 | Vaults:3 | Reached XP level 24. HP: 185/191 MP: 0/0
 42481 | Vaults:4 | Found a flickering gateway to a bazaar.
 42486 | Bazaar   | Entered a bazaar
 42488 | Bazaar   | Found Juagam's General Store.
 42492 | Bazaar   | Found Dunuaguiv's Assorted Antiques.
 42492 | Bazaar   | Found Wiq Puuk's Armour Boutique.
 42493 | Bazaar   | Found Roethrad's Antique Armour Boutique.
 42518 | Bazaar   | Bought a scroll of enchant armour for 232 gold pieces
 42518 | Bazaar   | Bought a scroll of teleportation for 93 gold pieces
 42529 | Bazaar   | Bought a potion of heal wounds for 85 gold pieces
 42529 | Bazaar   | Bought a potion of curing for 51 gold pieces
 42541 | Bazaar   | Bought a scroll of revelation for 232 gold pieces
 42771 | Vaults:4 | Identified the +0 leather armour of the Tarantula {rN+
                  | Str+3}
 43016 | Vaults:4 | Reached skill level 10 in Shields
 43489 | Depths:1 | Entered Level 1 of the Depths
 43664 | Depths:1 | Found a gateway to Hell.
 44081 | Depths:2 | Found a one-way gate leading to the halls of Pandemonium.
 44089 | Depths:2 | Noticed Bai Suzhen
 44104 | Depths:2 | Reached skill level 23 in Dodging
 44105 | Depths:2 | Noticed a juggernaut
 44128 | Depths:1 | Killed Bai Suzhen
 44261 | Depths:2 | Noticed Norris
 44266 | Depths:2 | Killed Norris
 44267 | Depths:2 | Reached XP level 25. HP: 200/200 MP: 0/0
 44267 | Depths:2 | Learned a level 8 spell: Lehudib's Crystal Spear
 44284 | Depths:2 | Noticed a caustic shrike
 44290 | Depths:2 | Killed a caustic shrike
 44396 | Depths:2 | Identified the +6 great sword of Melee {spect, Int+3}
 44782 | Depths:2 | Killed a juggernaut
 45108 | Depths:2 | Found a one-way gate to the infinite horrors of the Abyss.
 45144 | Depths:2 | Found a one-way gateway to a ziggurat.
 45571 | Depths:3 | You are sucked into a shaft and drop 1 floor!
 45571 | Depths:4 | Entered Level 4 of the Depths
 45571 | Depths:4 | Found a flickering gateway to a bazaar.
 45585 | Bazaar   | Entered a bazaar
 45585 | Bazaar   | Found Xevev's Distillery.
 45585 | Bazaar   | Found Voweemyagh's Antique Weapon Shop.
 45714 | Bazaar   | Found Laohuacs's Antique Armour Shop.
 45722 | Bazaar   | Bought an embroidered cloak for 165 gold pieces
 45747 | Bazaar   | Bought a potion of heal wounds for 55 gold pieces
 45747 | Bazaar   | Bought a potion of heal wounds for 55 gold pieces
 45747 | Bazaar   | Bought a potion of heal wounds for 55 gold pieces
 45775 | Depths:4 | Reached skill level 24 in Dodging
 46081 | Depths:3 | Identified the ring "Fucraah" {^Contam rElec rN+ Will++
                  | rCorr}
 46127 | Depths:3 | Identified the +4 chain mail of Jereogus {Rampage Stlth+}
 46193 | Depths:3 | Reached XP level 26. HP: 200/210 MP: 0/0
 46245 | Depths:3 | Found an iron altar of Okawaru.
 46261 | Depths:3 | Identified the +3 scale mail "Ygoewk" {^Drain Str+6}
 46777 | Crypt:1  | Entered Level 1 of the Crypt
 46945 | Crypt:1  | Identified the ring of Woqes {Ice rCorr Slay+3}
 46945 | Crypt:1  | Noticed Josephina
 46955 | Crypt:1  | Killed Josephina
 47424 | Slime:1  | Entered Level 1 of the Pits of Slime
 47493 | Slime:5  | Entered Level 5 of the Pits of Slime
 47623 | Slime:5  | Noticed the Royal Jelly
 47630 | Slime:5  | Killed the Royal Jelly
 47821 | Slime:5  | Found the +4 skin of Zhor {*Englaciate rC+++ SInv}
 47879 | Slime:5  | Got a starry gem with 120 turns to spare
 47896 | Slime:5  | Got a slimy rune of Zot
 48317 | Depths:4 | Noticed a juggernaut
 48320 | Depths:4 | Killed a juggernaut
 48655 | Depths:4 | Reached skill level 25 in Dodging
 48763 | Depths:4 | Identified the +9 glaive of Floral Purpose {freeze, Str+3
                  | Int+5}
 48786 | Depths:4 | Found a gate to the Realm of Zot.
 49045 | Zot:1    | Entered Level 1 of the Realm of Zot
 49073 | Zot:1    | Reached XP level 27. HP: 187/218 MP: 0/0
 49073 | Zot:1    | Learned a level 9 spell: Fire Storm
 50087 | Zot:2    | Found a runed translucent gate.
 50088 | Zot:2    | Found a runed translucent gate.
 50090 | Zot:2    | Found a runed translucent gate.
 50090 | Zot:2    | Noticed Hnaef's ghost (veteran FeAE)
 50099 | Zot:2    | Identified the +1 cloak "Oschya" {rF+ rN+}
 50445 | Zot:2    | Noticed Vv
 50455 | Zot:2    | Killed Vv
 51291 | Zot:3    | You are sucked into a shaft and drop 1 floor!
 51701 | Zot:3    | Reached skill level 26 in Dodging
 52919 | Zot:5    | Entered Level 5 of the Realm of Zot
 53079 | Zot:5    | Identified the +4 kite shield of Imuexeisch {rN+ Str+2
                  | Int+3}
 53139 | Zot:5    | Noticed an orb of fire
 53164 | Zot:5    | Killed an orb of fire
 54038 | Zot:5    | Noticed an orb of fire
 54073 | Zot:5    | Killed an orb of fire
 54161 | Zot:5    | Noticed a dread lich
 54165 | Zot:5    | Killed a dread lich
 54204 | Zot:5    | Noticed a Killer Klown
 54211 | Zot:5    | Killed a Killer Klown
 54257 | Zot:5    | Noticed an orb of fire
 54385 | Zot:5    | Noticed an ancient lich
 54392 | Zot:5    | Killed an ancient lich
 54567 | Zot:5    | Noticed a Killer Klown
 54567 | Zot:5    | Killed an orb of fire
 54573 | Zot:5    | Killed a Killer Klown
 54600 | Zot:5    | Noticed an ancient lich
 54604 | Zot:5    | Noticed a Killer Klown
 54606 | Zot:5    | Killed a Killer Klown
 54607 | Zot:5    | Killed an ancient lich
 54764 | Zot:5    | Noticed an ancient lich
 54766 | Zot:5    | Killed an ancient lich
 55115 | Zot:5    | Noticed a dread lich
 55119 | Zot:5    | Killed a dread lich
 55120 | Zot:5    | Reached skill level 27 in Dodging
 55529 | Zot:5    | Got the Orb of Zot
 56041 | D:$      | Escaped with the Orb!

Illustrated notes

Levels and vault maps discovered:
D:1:      dpeg_arrival_lava_temple_mockup, layout_basic, roderic_roman_lattice
D:2:      layout_rooms, hellmonk_ecumenical_altar_watching_god, serial_shops,
          shop, grunt_decor_cap, uniq_natasha
D:3:      layout_rooms, elyvilon_altar_1,
          mainiacjoe_sewer_entry_somewhere_in_here_2, chequers_decorated_corner,
          kennysheep_generic_room_13
D:4:      layout_loops_ring
D:5:      layout_basic, xom_teletrap_fun, serial_shops, nicolae_square_shop,
          kennysheep_cross_room, minmay_misc_feat_chi
D:6:      layout_loops_cross, mainiacjoe_overflow_chevrons,
          reono_crystal_passage, uniq_grinder
D:7:      layout_loops_ring, old_standard_altar, makhleb_grotto_becter,
          minmay_temple_entry_gardened_gates, serial_shops,
          nicolae_shop_rolling_square, shop, hangedman_decor_clover_reticule,
          uniq_menkaure
D:8:      layout_cave_pods, grunt_dithmenos_smoke_and_mirrors, uniq_psyche,
          uniq_jeremiah, uniq_pikel
D:9:      layout_basic, mainiacjoe_overflow_brackets, tso_oasis_becter
D:10:     layout_grid_maze, nicolae_wu_jian_immortal_techniques,
          kiku_gazebo_garden_becter, nicolae_overflow_squiral,
          minmay_guarded_unrand_staff_of_olgreb, uniq_grum, uniq_joseph,
          uniq_harold
D:11:     layout_roguey, erik_lair_orcish_takeover, zombieorc1_lemuel,
          uniq_amaemon, uniq_erolcha
D:12:     layout_gridville, serial_shops, shop, minmay_misc_feat_four_crosses,
          uniq_kirke
D:13:     layout_irregular_city, hellmonk_vaults_attempted_burglary,
          gauntlet_entry_generic, dk_noncrumbling_4
D:14:     minmay_triangles_in_corner, layout_rooms, serial_park_tiny_2,
          fiery_altar_vehumet
D:15:     hellmonk_depths_entry_around_the_bend, layout_stronghold,
          nrook_mini_vaults
Temple:   hellmonk_temple_beads
Lair:1:   layout_long_grid
Lair:2:   layout_gridlike, minmay_shoals_entry_centaurs,
          spider_nest_entry_web_field, hibernation_bobbens
Lair:3:   layout_cave_pods, infiniplex_staircase_pool, serial_bayou_shore_a,
          grunt_megastairs_5, serial_bayou_shore_b, uniq_prince_ribbit2
Lair:4:   regret_index_combs_of_tragedy, layout_loops_ring, lemuel_old_faithful
Lair:5:   cheibrodos_lair_end_hotspot, layout_long_grid, slime_entry_2,
          uniq_urug
Shoals:1: layout_shoals, serial_shops, shop
Shoals:2: layout_shoals, ebering_ghost_xom, serial_shops, shop,
          nicolae_shoals_dead_sea_scrolls
Shoals:3: layout_shoals, serial_shops, nicolae_shop_crystal,
          portal_ice_cave_entry_pillars_three, nicolae_shoals_spring_well_temple
Shoals:4: shoals_end_hellmonk_storm_palace [storm_palace_center_square,
          storm_palace_corner_pillars, storm_palace_corner_pillars,
          storm_palace_corner_altar, storm_palace_corner_reverse_hut],
          serial_shops
Spider:1: layout_spider_delve, nicolae_spider_swamp_cousins
Spider:2: layout_chambers, ebering_ghost_reflecting_pool,
          hangedman_spider_tarantella_strand
Spider:3: layout_spider_delve
Spider:4: hellmonk_spider_rune_bug_friends, uniq_asterion
Slime:1:  layout_caves
Slime:2:  layout_caves
Slime:3:  layout_caves, cheibrodos_slime_lost_civilization_7, uniq_dissolution
Slime:4:  layout_caves
Slime:5:  slime_pit_nicolae_block_by_block
Orc:1:    layout_caves, serial_shops, nicolae_shop_waterfront, led_sif_book
Orc:2:    st_orc_ogre_mass, layout_caves, regret_index_minedec_guest_junction
Elf:1:    eino_elf_arrival_shootout, layout_gridlike, evilmike_minifort,
          nicolae_elf_variegated_diamond
Elf:2:    nicolae_elf_blades_splatter_lattice [grunt_blade_entry_basic],
          layout_loops_cross
Elf:3:    minmay_elf_hall_four_x, layout_geoelf_diagonals, eino_tiny_chamber,
          minmay_shoptagon
Vaults:1: vaults_mumra_minichess_inversion, nicolae_vaults_asterisk,
          hangedman_vaults_restitches, nicolae_vaults_tetromino_Z_1,
          nicolae_vaults_tetromino_T_2, v_rooms_4, nicolae_vaults_heist,
          nicolae_vaults_network_quinsquares
          [nicolae_vaults_network_quincunx_subvault,
          nicolae_vaults_network_quincunx_subvault,
          nicolae_vaults_network_quincunx_subvault,
          nicolae_vaults_network_quincunx_subvault], nicolae_vaults_theta,
          vaults_room_semicircle, v_misc_14, nicolae_vaults_six-pack,
          nicolae_vaults_tetromino_L_1, nicolae_vaults_oozy_zoo,
          layout_vaults_ring
Vaults:2: ontoclasm_vaults_ligature, st_more_cells,
          nicolae_vaults_closet_pinwheel_2, nicolae_vaults_ninety_degrees,
          v_alt_pattern_6, v_misc_23, nicolae_vaults_mini_display_case,
          nicolae_vaults_taking_the_gang_shopping, nicolae_vaults_two_Ls,
          nicolae_vaults_stepped_doors, layout_vaults_omnicross
Vaults:3: nicolae_vaults_trapezoid_2, minmay_crypt_entry_simple_box,
          nicolae_vaults_trapezoid_lopsided_1, nicolae_vaults_tetromino_T_1,
          ontoclasm_vaults_misaligned, nicolae_vaults_closet_pinwheel_5,
          nicolae_vaults_more_shelving_2, nicolae_vaults_specimen_jars,
          v_misc_30, v_misc_4, layout_vaults_omnibox, uniq_zenata
Vaults:4: ontoclasm_vaults_hangar, nicolae_vaults_trapezoid_lopsided_3,
          nicolae_vaults_trapezoid_1, hangedman_vaults_trim,
          hangedman_vaults_pinch, nicolae_vaults_storage_closets_1,
          nicolae_vaults_tetromino_Z_1, vaults_room_hallway,
          hangedman_vaults_stretched_pinwheel, layout_vaults_big_room,
          serial_shops, bzr_entry_dummy
Crypt:1:  layout_chaotic_city, st_shrine_of_skulls, uniq_josephina
Depths:1: nicolae_BIG_FREAKIN_CUBE, layout_cave_pools, hell_entry,
          minmay_misc_feat_secret_circle, chequers_serial_rivers_micro_e,
          minislime_mu
Depths:2: minmay_the_grid_square_5x5_4x4_mashed
          [minmay_the_grid_square_5x5_comb, minmay_the_grid_square_5x5_meh,
          minmay_the_grid_square_5x5_one_wall,
          minmay_the_grid_square_5x5_spiral_small,
          minmay_the_grid_square_5x5_tie, minmay_the_grid_square_5x5_prize_junk,
          minmay_the_grid_square_5x5_prize_itemx,
          minmay_the_grid_square_5x5_minibox,
          minmay_the_grid_square_5x5_longway,
          minmay_the_grid_square_5x5_prize_pseudospiral,
          minmay_the_grid_square_5x5_prize_gold,
          minmay_the_grid_square_5x5_two_walls_b,
          minmay_the_grid_square_5x5_shrine2,
          minmay_the_grid_square_5x5_doubleslash,
          minmay_the_grid_square_5x5_intrusive_squares,
          minmay_the_grid_square_5x5_misaligned], layout_long_grid,
          enter_ziggurat_c, special_room [special_room_mythical_zoo],
          nicolae_kite_square_tiling_tiny, rand_demon_pan_entry_3, abyss_entry,
          hell_entry, hangedman_decor_push, minmay_staircase_windowed_small,
          uniq_norris, uniq_bai_suzhen
Depths:3: evilmike_iron_armoury, layout_cave_pools, abyss_entry,
          hangedman_coc_ice_floe, serial_bayou_pond_e, kennysheep_two_boxes
Depths:4: grunt_twist_and_shout, layout_twisted_cross, grunt_pan_entry_spiral,
          serial_shops, bzr_in_the_mist, nicolae_the_louvre,
          pf_hell_entry_tar_river
Zot:1:    layout_onion_interference, regret_index_zotdec_obsidian_hm
Zot:2:    layout_gridlike, regret_index_zotdec_dark_gr,
          gammafunk_ghost_tricky_traps, uniq_vv, uniq_grunn
Zot:3:    layout_cathedral_of_symmetry, regret_index_zotdec_twisting_globes
Zot:4:    layout_basic
Zot:5:    layout_twisted_circle, guppyfry_library_mini

Skill      XL: |  1  2  3  4  5  6  7  8  9 10 11 12 13 14 15 16 17 18 19 20 21 22 23 24 25 26 27 |
---------------+----------------------------------------------------------------------------------+-----
Fighting       | 1 2 3 4 5 6 8 9 11 12 13 14 15 16 17 18 19 20 21 22 23 24 26 | 26.1
Spellcasting   | 4 5 6 7 8 9 10 11 12 13 14 15 16 17 18 19 20 21 22 | 22.7
Conjurations   | 4 5 6 7 8 9 10 11 12 13 14 15 16 17 18 19 20 21 22 | 22.7
Hexes          | 4 5 6 7 8 9 10 11 12 13 14 15 16 17 18 19 20 21 22 | 22.7
Summonings     | 4 5 6 7 8 9 10 11 12 13 14 15 16 17 18 19 20 21 22 | 22.7
Necromancy     | 4 5 6 7 8 9 10 11 12 13 14 15 16 17 18 19 20 21 22 | 22.7
Translocations | 4 5 6 7 8 9 10 11 12 13 14 15 16 17 18 19 20 21 22 | 22.7
Fire Magic     | 4 5 6 7 8 9 10 11 12 13 14 15 16 17 18 19 20 21 22 | 22.7
Ice Magic      | 4 5 6 7 8 9 10 11 12 13 14 15 16 17 18 19 20 21 22 | 22.7
Air Magic      | 4 5 6 7 8 9 10 11 12 13 14 15 16 17 18 19 20 21 22 | 22.7
Earth Magic    | 4 5 6 7 8 9 10 11 12 13 14 15 16 17 18 19 20 21 22 | 22.7
Alchemy        | 4 5 6 7 8 9 10 11 12 13 14 15 16 17 18 19 20 21 22 | 22.7
Dodging        | 4 6 8 10 11 12 14 15 16 17 18 19 20 21 22 23 24 25 27 | 27.0
Shields        | 2 4 7 9 10 | 10.0
Invocations    | 1 6 7 9 |  9.0
Staves         | 4 |  4.0
Stealth        | |  1.5

Action                     |  1- 3 |  4- 6 |  7- 9 | 10-12 | 13-15 | 16-18 | 19-21 | 22-24 | 25-27 || total
---------------------------+-------+-------+-------+-------+-------+-------+-------+-------+-------++-------
  Melee: Dagger            |       |    25 |     2 |       |       |       |       |       |       ||    27
         Short sword       |       |       |     7 |     4 |       |       |       |       |       ||    11
         Falchion          |       |       |       |     5 |     7 |    11 |       |       |       ||    23
         Staff             |       |       |       |       |       |       |     2 |       |       ||     2
   Cast: Magic Dart        |    46 |    65 |    97 |    83 |   139 |     3 |    11 |       |       ||   444
         Searing Ray       |     8 |    14 |    31 |    51 |    23 |     1 |     3 |       |       ||   131
         Sting             |       |     4 |     5 |     4 |       |       |       |       |       ||    13
         Jinxbite          |       |     2 |       |       |       |       |       |       |       ||     2
         Fulminant Prism   |       |       |    27 |   117 |    90 |    31 |       |     3 |       ||   268
         Mephitic Cloud    |       |       |     8 |    11 |    19 |     9 |     2 |     3 |       ||    52
         Iskenderun's Myst |       |       |     5 |    32 |   106 |    89 |    47 |   104 |    61 ||   444
         Frozen Ramparts   |       |       |    11 |    27 |    41 |     5 |     3 |     3 |     1 ||    91
         Manifold Assault  |       |       |       |     2 |       |     1 |       |       |       ||     3
         Borgnjor's Vile C |       |       |       |       |   276 |    83 |    17 |     7 |     4 ||   387
         Plasma Beam       |       |       |       |       |    11 |   316 |   482 |   417 |   484 ||  1710
         Orb of Destructio |       |       |       |       |       |    10 |    25 |    23 |    97 ||   155
         Ozocubu's Refrige |       |       |       |       |       |       |     9 |    37 |   169 ||   215
         Discord           |       |       |       |       |       |       |     1 |     3 |     6 ||    10
         Summon Horrible T |       |       |       |       |       |       |       |     4 |     1 ||     5
         Lehudib's Crystal |       |       |       |       |       |       |       |       |   124 ||   124
         Fire Storm        |       |       |       |       |       |       |       |       |    11 ||    11
 Invoke: Greater Servant o |       |       |       |       |       |       |       |       |     1 ||     1
  Evoke: Wand              |       |       |       |       |       |       |       |     1 |       ||     1
    Use: Scroll            |       |     3 |     4 |     7 |    11 |     8 |     2 |     7 |     9 ||    51
         Potion            |       |       |       |       |     2 |     7 |       |     3 |     3 ||    15
   Stab: Sleeping          |       |     2 |       |       |       |       |       |       |       ||     2
 Armour: Robe              |     3 |    18 |     9 |    15 |       |       |    23 |    65 |    34 ||   167
         Steam dragon scal |       |       |       |    19 |       |    27 |    28 |       |       ||    74
         Acid dragon scale |       |       |       |     3 |    73 |    34 |       |       |       ||   110
         Animal skin       |       |       |       |       |       |       |       |       |    60 ||    60
  Dodge: Dodged            |     8 |    21 |    17 |    42 |    85 |   102 |    55 |    67 |   155 ||   552
  Block: Other             |       |       |     6 |     4 |       |       |       |       |       ||    10
         Buckler           |       |       |       |     1 |    26 |    25 |     8 |     3 |    11 ||    74
         Kite shield       |       |       |       |       |       |       |       |    38 |    59 ||    97
